 Dungeon Crawl Stone Soup version 0.29.1-1-gd02db69 (webtiles) character file.

Game seed: 13968100558334477722

140 Vaargak the Magician (level 5, -2/43 HPs)
             Began as a Gnoll Wanderer on Sept 24, 2022.
             Was a Priest of Zin.
             Slain by Pikel
             ... wielding a +2 whip of freezing
              (4 damage)
             ... on level 4 of the Dungeon.
             The game lasted 00:38:11 (4801 turns).

Vaargak the Magician (Gnoll Wanderer)               Turns: 4801, Time: 00:38:11

Health: -2/43      AC:  9    Str: 12    XL:     5   Next: 22%
Magic:  14/14      EV: 10    Int: 10    God:    Zin [***...]
Gold:   128        SH:  6    Dex: 14    Spells: 17/18 levels left

rFire   . . .      SeeInvis +   d - +0 mace
rCold   . . .      Faith    .   e - +0 buckler {AC+3}
rNeg    . . .      Spirit   .   l - +0 ring mail
rPois   .          Reflect  .   (no helmet)
rElec   .          Harm     .   (no cloak)
rCorr   .          Rampage  .   g - +0 pair of gloves
Will    .....                   (no boots)
Stlth   ++........              (no amulet)
HPRegen 0.14/turn               j - ring of see invisible
MPRegen 0.14/turn               (no ring)

@: no status effects
A: fangs 1, strong nose, distributed training
a: Renounce Religion, Recite, Vitalisation, Imprison, Donate Gold


You were on level 4 of the Dungeon.
You worshipped Zin.
Zin was most pleased with you.
You visited 1 branch of the dungeon, and saw 4 of its levels.

You collected 263 gold pieces.
You donated 135 gold pieces to Zin.

Inventory:

Hand Weapons
 a - a +0 dagger
 d - a +0 mace (weapon)
Armour
 e - a +0 buckler of protection (worn)
 g - a +0 pair of gloves (worn)
 l - a +0 ring mail (worn)
Jewellery
 j - a ring of see invisible (left hand)
Wands
 k - a wand of flame (15)
Scrolls
 c - a scroll of fog
 f - a scroll of teleportation
 i - 2 scrolls of poison
 m - a scroll of identify
Potions
 b - a potion of lignification
 h - 3 potions of flight


   Skills:
 + Level 4.8 Fighting
 + Level 1.4 Short Blades
 + Level 1.4 Long Blades
 + Level 1.4 Axes
 + Level 1.4 Maces & Flails
 + Level 1.4 Polearms
 + Level 1.4 Staves
 + Level 1.4 Ranged Weapons
 + Level 1.4 Throwing
 + Level 1.4 Armour
 + Level 1.4 Dodging
 + Level 2.7 Stealth
 + Level 6.7 Shields
 + Level 1.4 Unarmed Combat
 + Level 7.3 Spellcasting
 + Level 1.1 Conjurations
 + Level 1.1 Hexes
 + Level 1.1 Summonings
 + Level 1.1 Necromancy
 + Level 1.1 Translocations
 + Level 1.1 Transmutations
 + Level 1.1 Fire Magic
 + Level 1.1 Ice Magic
 + Level 1.1 Air Magic
 + Level 1.1 Earth Magic
 + Level 1.1 Poison Magic
 + Level 1.6 Invocations
 + Level 3.0 Evocations


You had 17 spell levels left.
You knew the following spells:

 Your Spells              Type           Power      Damage    Failure   Level
a - Freeze                Ice            24%        1d5       30%         1

Your spell library contained the following spells:

 Spells                   Type           Power      Damage    Failure   Level
 Ozocubu's Armour         Ice            6%         N/A       67%         3


Dungeon Overview and Level Annotations

Branches:
Dungeon (4/15)
 Temple: D:4-7

Altars:
Hepliaklqana
Zin

Annotations:
D:4 Pikel


Innate Abilities, Weirdness & Mutations

You have very sharp teeth.
Your uncanny sense of smell can sniff out nearby items.
Your experience applies equally to all skills.


Message History

Pikel hits you with a +2 whip of freezing!
Pikel freezes you.
You hit Pikel.
Pikel is lightly wounded.
Pikel hits you with a +2 whip of freezing.
Pikel freezes you.
You hit Pikel.
Pikel is moderately wounded.
Pikel hits you with a +2 whip of freezing!
Pikel freezes you. You block Pikel's attack.
You closely miss Pikel.
Pikel is moderately wounded.
You block Pikel's attack.
You sock Pikel!
Pikel is heavily wounded.
Pikel says, "You'll make a fine lemure."
Pikel misses you.
You hit Pikel.
Pikel is heavily wounded.
You block Pikel's attack.
Pikel hits you with a +2 whip of freezing.
Pikel freezes you.
* * * LOW HITPOINT WARNING * * *
You hit Pikel but do no damage.
Pikel is heavily wounded.
Pikel hits you with a +2 whip of freezing.
* * * LOW HITPOINT WARNING * * *
Pikel freezes you.
* * * LOW HITPOINT WARNING * * *
You sock Pikel!
Pikel is severely wounded.
Pikel hits you with a +2 whip of freezing.
* * * LOW HITPOINT WARNING * * *
Pikel freezes you.
* * * LOW HITPOINT WARNING * * *
Pikel barely misses you.
You hit Pikel but do no damage.
Pikel is severely wounded.
Pikel hits you with a +2 whip of freezing.
You die...

#.........#
#.#
#.........#
#.#
#.........#
#.#
#.........#
###.#####..
#.........#
#>.........
#.........#
#.#.#####.#
#.........#
#....#
#.......#.#
######
#.......#@#
#.......#K#
#.......#5#
#.......#5#
#.......#5#
#.......#5.
#.......#.#
##)######.#
#.#


You could see Pikel and 4 lemures.

Vanquished Creatures
  Robin (D:4)
  3 adders (D:3)
  A white imp (D:3)
  A worm (D:3)
  2 dart slugs
  5 orcs
  3 ball pythons
  7 endoplasms
  13 giant cockroaches
  12 goblins
  8 hobgoblins
  2 quokkas
  6 bats
  2 frilled lizards
  5 kobolds
  3 rats
74 creatures vanquished.

Notes
Turn   | Place    | Note
-------+----------+-------------------------------------------
     0 | D:1      | Vaargak the Gnoll Wanderer began the quest for the Orb.
     0 | D:1      | Vaargak set off with the following items: a +0 dagger, a
                  | potion of lignification, a scroll of fog, a +0 leather
                  | armour, a +0 buckler of protection; and the following spell
                  | memorised: Freeze; and the following spells available to
                  | memorise: Ozocubu's Armour.
     0 | D:1      | Reached XP level 1. HP: 20/20 MP: 8/8
   394 | D:1      | Reached XP level 2. HP: 25/26 MP: 10/10
  1148 | D:1      | Reached XP level 3. HP: 27/31 MP: 11/11
  1588 | D:2      | Reached skill level 1 in Invocations
  1738 | D:2      | Found a hazy altar of Hepliaklqana.
  1762 | D:1      | Prayed at the altar of an unknown god.
  1762 | D:1      | Became a worshipper of Zin the Law-Giver
  1762 | D:1      | Reached * piety under Zin
  1762 | D:1      | Reached ** piety under Zin
  1775 | D:1      | Donated 61 gold pieces to Zin
  1962 | D:2      | Reached skill level 1 in Short Blades
  1962 | D:2      | Reached skill level 1 in Long Blades
  1962 | D:2      | Reached skill level 1 in Axes
  1962 | D:2      | Reached skill level 1 in Maces & Flails
  1962 | D:2      | Reached skill level 1 in Polearms
  1962 | D:2      | Reached skill level 1 in Staves
  1962 | D:2      | Reached skill level 1 in Ranged Weapons
  1962 | D:2      | Reached skill level 1 in Throwing
  1962 | D:2      | Reached skill level 1 in Armour
  1962 | D:2      | Reached skill level 1 in Dodging
  1962 | D:2      | Reached skill level 1 in Unarmed Combat
  2604 | D:2      | Reached XP level 4. HP: 38/38 MP: 13/13
  2784 | D:2      | Donated 48 gold pieces to Zin
  3351 | D:3      | Reached skill level 1 in Conjurations
  3351 | D:3      | Reached skill level 1 in Hexes
  3351 | D:3      | Reached skill level 1 in Summonings
  3351 | D:3      | Reached skill level 1 in Necromancy
  3351 | D:3      | Reached skill level 1 in Translocations
  3351 | D:3      | Reached skill level 1 in Transmutations
  3351 | D:3      | Reached skill level 1 in Fire Magic
  3351 | D:3      | Reached skill level 1 in Ice Magic
  3351 | D:3      | Reached skill level 1 in Air Magic
  3351 | D:3      | Reached skill level 1 in Earth Magic
  3351 | D:3      | Reached skill level 1 in Poison Magic
  3466 | D:3      | Reached *** piety under Zin
  4576 | D:4      | Reached XP level 5. HP: 43/43 MP: 14/14
  4623 | D:4      | Noticed Robin
  4662 | D:4      | Killed Robin
  4783 | D:4      | Noticed a lemure
  4786 | D:4      | Noticed Pikel
  4787 | D:4      | Noticed a lemure
  4788 | D:4      | Noticed a lemure
  4792 | D:4      | Noticed a lemure
  4800 | D:4      | HP: 2/43 [Pikel/+2 whip of freezing (1)]
  4801 | D:4      | Slain by Pikel

Illustrated notes

Levels and vault maps discovered:
D:1:      spicycebolla_arrival_ecumenical, layout_loops_corners,
          minmay_split_cup_small
D:2:      minmay_roachtagon, layout_basic, serial_co_window_serial,
          co_window_corner_a, co_window_of_opportunity_a, co_window_corner_a,
          co_window_cross_1, co_window_cross_1, co_window_paths_a,
          co_window_paths_b, co_window_paths_a, co_window_corner_a,
          co_window_paths_c, co_window_unsneaky_path_c, co_window_corner_ca,
          co_window_corner_b, co_window_corner_ca, glass_columns_c,
          glass_columns_a, basic_altar
D:3:      layout_basic
D:4:      nicolae_cairo_tiling_large_dashed, layout_basic,
          amcnicky_altar_gilded, minmay_temple_entry_antechambers,
          chequers_mini_garden, uniq_crazy_yiuf_cottage, uniq_robin,
          uniq_menkaure, uniq_pikel

Skill      XL: |  1  2  3  4  5 |
---------------+----------------+-----
Invocations    | 1 |  1.6
Short Blades   | 1 |  1.4
Long Blades    | 1 |  1.4
Axes           | 1 |  1.4
Maces & Flails | 1 |  1.4
Polearms       | 1 |  1.4
Staves         | 1 |  1.4
Ranged Weapons | 1 |  1.4
Throwing       | 1 |  1.4
Armour         | 1 |  1.4
Dodging        | 1 |  1.4
Unarmed Combat | 1 |  1.4
Conjurations   | 1 |  1.1
Hexes          | 1 |  1.1
Summonings     | 1 |  1.1
Necromancy     | 1 |  1.1
Translocations | 1 |  1.1
Transmutations | 1 |  1.1
Fire Magic     | 1 |  1.1
Ice Magic      | 1 |  1.1
Air Magic      | 1 |  1.1
Earth Magic    | 1 |  1.1
Poison Magic   | 1 |  1.1
Evocations     | 3 |  3.0
Fighting       | |  4.8
Stealth        | |  2.7
Shields        | |  6.7
Spellcasting   | |  7.3

Action                   |  1- 3 |  4- 6 || total
-------------------------+-------+-------++-------
Melee: Dagger            |    92 |       ||    92
       Bite              |    17 |    16 ||    33
       Mace              |    76 |   145 ||   221
 Cast: Freeze            |     4 |     4 ||     8
Invok: Donate Gold       |     1 |     1 ||     2
       Recite            |       |     1 ||     1
       Vitalisation      |       |     1 ||     1
  Use: Scroll            |     6 |       ||     6
       Potion            |     3 |     3 ||     6
Armor: Leather armour    |     8 |       ||     8
       Chain mail        |   161 |    16 ||   177
       Ring mail         |       |    71 ||    71
Dodge: Dodged            |    54 |    50 ||   104
Block: Buckler           |    58 |    59 ||   117
